[Event "ICC tourney 2692 (75 10)"]
[Site "Internet Chess Club"]
[Date "2021.09.26"]
[Round "4"]
[White "Vittal, Sanjana:MCTS13"]
[Black "SHAWKAT, SAIF:saif-shawkat"]
[Result "1-0"]
[ICCResult "Black resigns"]
[WhiteElo "2056"]
[BlackElo "1953"]
[Opening "Sicilian: closed, 2...Nc6"]
[ECO "B23"]
[NIC "SI.44"]
[Time "11:00:37"]
[TimeControl "4500+10"]

1. e4 c5 2. Nc3 Nc6 3. Bb5 Nd4 4. Nf3 a6 5. Bd3 g6 6. Nxd4 cxd4 7. Ne2 Bg7
8. c3 dxc3 9. dxc3 Nf6 10. Nd4 O-O 11. O-O d6 12. f4 b5 13. Qe1 Bb7 14. f5
Ng4 15. Qh4 Ne5 16. Bc2 d5 17. Bh6 dxe4 18. Bxg7 Kxg7 19. Bxe4 Bxe4 20. Qxe4
Nc4 21. b3 Nd6 22. Qe5+ Kg8 23. Rae1 Qb6 24. Re3 Rac8 25. fxg6 hxg6 26. Rh3
f6 27. Qxe7 Rf7 28. Qe3 Ne8 29. Re1 Rg7 30. Rh8+ Kxh8 31. Qh3+ {Black
resigns} 1-0

[Event "ICC tourney 2692 (75 10)"]
[Site "Internet Chess Club"]
[Date "2021.09.26"]
[Round "4"]
[White "LYNN, BENNETT:ben622"]
[Black "JEGAN, ALAN:playtowin2020"]
[Result "1/2-1/2"]
[ICCResult "Game drawn by mutual agreement"]
[WhiteElo "2010"]
[BlackElo "1934"]
[Opening "Sicilian: accelerated fianchetto, modern variation with Bc4"]
[ECO "B35"]
[NIC "SI.33"]
[Time "11:00:20"]
[TimeControl "4500+10"]

1. e4 c5 2. Nf3 g6 3. d4 cxd4 4. Nxd4 Nc6 5. Nc3 Bg7 6. Be3 Nf6 7. Bc4 O-O
8. Bb3 a5 9. O-O d6 10. f3 Nxd4 11. Bxd4 Bd7 12. a4 Bc6 13. Nd5 Bxd5 14.
Bxd5 Nxd5 15. exd5 Bh6 16. Re1 Re8 17. Ra3 Qd7 18. Bc3 Bg5 19. Qd4 Bf6 20.
Qg4 Qc7 21. Kh1 Qc5 22. Qe4 Kg7 23. Rb3 Rac8 24. Rxb7 Bxc3 25. bxc3 Qxc3 26.
Rxe7 Rxe7 27. Qxe7 Rc7 28. Qe4 Rc4 29. Qe3 Qxe3 30. Rxe3 Rxc2 31. h3 Rd2 32.
Re7 Rxd5 33. Ra7 Kf6 34. Kg1 Rc5 35. Kf2 Ke6 36. Ke3 h6 37. g3 f5 38. h4 g5
39. Rh7 gxh4 40. Rxh6+ Ke5 41. f4+ Kd5 42. gxh4 Rc3+ 43. Ke2 Rc4 44. Ke3
Rxa4 45. Rf6 Ra3+ 46. Ke2 Ke4 47. Rxd6 Kxf4 48. h5 Rh3 49. h6 Ke4 50. Ra6 f4
51. Rxa5 Rh2+ 52. Kf1 Kf3 53. Ra3+ Kg4 54. h7 Rxh7 55. Kg2 Rb7 56. Rc3 Rb2+
57. Kf1 Rd2 58. Rb3 Rd5 59. Kf2 Rh5 60. Kg2 Ra5 61. Rc3 Ra2+ 62. Kf1 Rb2 63.
Ra3 Rb5 64. Kg2 Rc5 65. Rb3 Rc2+ 66. Kf1 Kh4 67. Ra3 Kg4 68. Rb3 f3 69. Rb8
{Game drawn by mutual agreement}
1/2-1/2

[Event "ICC tourney 2692 (75 10)"]
[Site "Internet Chess Club"]
[Date "2021.09.26"]
[Round "4"]
[White "NGUYEN, TIEN:ngthanhthuytien"]
[Black "CHEN, DANNI:dadaapple"]
[Result "1-0"]
[ICCResult "Black resigns"]
[WhiteElo "2100"]
[BlackElo "2029"]
[Opening "Réti opening"]
[ECO "A06"]
[NIC "QP.09"]
[Time "11:00:17"]
[TimeControl "4500+10"]

1. Nf3 d5 2. e3 Nf6 3. c4 c6 4. Nc3 e6 5. b3 Nbd7 6. Bb2 Bd6 7. d4 dxc4 8.
Bxc4 O-O 9. O-O e5 10. e4 exd4 11. Qxd4 Bc5 12. Qd2 Nb6 13. Bd3 Bg4 14. Ne5
Qd6 15. Ne2 Rfe8 16. Nxg4 Nxg4 17. Qf4 Qxf4 18. Nxf4 Bd6 19. g3 Rad8 20.
Rad1 a5 21. Bd4 Nd7 22. Ng2 Bc5 23. Be2 Ngf6 24. f3 h6 25. Ne3 Bb6 26. Nf5
c5 27. Bf2 Ne5 28. Kg2 Nc6 29. Bb5 Re5 30. Rxd8+ Bxd8 31. Nd6 Nd4 32. Bc4
Re7 33. Rd1 Rd7 34. e5 Nh7 35. Nxf7 Rxf7 36. Bxd4 Kf8 37. Bxc5+ {Black
resigns} 1-0

[Event "ICC tourney 2692 (75 10)"]
[Site "Internet Chess Club"]
[Date "2021.09.26"]
[Round "4"]
[White "PARK, EVAN:espark"]
[Black "YERRA, SAI SNEHA:saisneha"]
[Result "1-0"]
[ICCResult "Black resigns"]
[WhiteElo "2230"]
[BlackElo "1920"]
[Opening "Giuoco Piano"]
[ECO "C54"]
[NIC "IG.02"]
[Time "11:00:21"]
[TimeControl "4500+10"]

1. e4 e5 2. Nf3 Nc6 3. Bc4 Bc5 4. c3 Nf6 5. d4 exd4 6. e5 d5 7. Bb5 Ne4 8.
cxd4 Bb6 9. Nc3 Bf5 10. Be3 O-O 11. O-O Nxc3 12. bxc3 a6 13. Be2 f6 14. exf6
Qxf6 15. Qb3 Qd6 16. Qb2 Ne7 17. Ne5 Ng6 18. c4 Be4 19. Nxg6 Qxg6 20. f3 Bd3
21. c5 Qe6 22. Bxd3 Qxe3+ 23. Kh1 Qxd3 24. cxb6 c6 25. Rfe1 Rfe8 26. Qf2 h6
27. h3 Qg6 28. a4 Rxe1+ 29. Rxe1 Re8 30. Rxe8+ Qxe8 31. Qg3 Qe7 32. Qc7 Kf7
33. Kh2 Ke8 34. Qc8+ Kf7 35. a5 Qd6+ 36. Kh1 Qe7 37. Qc7 Ke8 38. Qb8+ Kf7
39. Kh2 Ke6 40. f4 Kf7 41. Qc8 Kf6 42. Qc7 Ke6 43. Qb8 Qd6 44. Qe8+ Kf6 45.
Kg3 Qe7 46. Qxe7+ Kxe7 47. Kf3 Kd6 48. Ke3 c5 49. dxc5+ Kxc5 50. Kd3 d4 51.
g4 Kd5 52. h4 g6 53. h5 gxh5 54. gxh5 Kc5 55. f5 Kd5 56. f6 Ke6 57. Kxd4
Kxf6 58. Kd5 Kg5 59. Kd6 Kxh5 60. Kc7 Kg4 61. Kxb7 h5 62. Kxa6 h4 63. b7 h3
64. b8=Q {Black resigns} 1-0

[Event "ICC tourney 2692 (75 10)"]
[Site "Internet Chess Club"]
[Date "2021.09.26"]
[Round "5"]
[White "JEGAN, ALAN:playtowin2020"]
[Black "NESAMANI, VIGNESHWARAN:MARMAYOGI11"]
[Result "1-0"]
[ICCResult "Black resigns"]
[WhiteElo "1934"]
[BlackElo "2169"]
[Opening "Scotch gambit"]
[ECO "C44"]
[NIC "SO.06"]
[Time "14:30:25"]
[TimeControl "4500+10"]

1. e4 e5 2. Nf3 Nc6 3. d4 exd4 4. Bc4 Bb4+ 5. c3 dxc3 6. bxc3 Bd6 7. O-O Qe7
8. e5 Nxe5 9. Nxe5 Bxe5 10. Re1 Nf6 11. Ba3 d6 12. f4 Bxf4 13. Rxe7+ Kxe7
14. Nd2 Re8 15. Nf3 Kf8 16. Bc1 Bxc1 17. Rxc1 d5 18. Bd3 c6 19. c4 Bg4 20.
cxd5 Nxd5 21. Qa4 Bxf3 22. gxf3 Re7 23. Be4 Nb6 24. Qb4 Re8 25. a4 Nc8 26.
a5 a6 27. Bf5 g6 28. Bxc8 Rxc8 29. Qd6 Rc7 30. Qf6 Kg8 31. Rd1 Re8 32. Rd8
Rc8 33. Rd7 {Black resigns} 1-0

[Event "ICC tourney 2692 (75 10)"]
[Site "Internet Chess Club"]
[Date "2021.09.26"]
[Round "5"]
[White "REISS, AIDEN:K09-16581243"]
[Black "HO, CARTER:corviknight"]
[Result "0-1"]
[ICCResult "White resigns"]
[WhiteElo "2029"]
[BlackElo "1903"]
[Opening "Two knights defense"]
[ECO "C55"]
[NIC "IG.01"]
[Time "14:30:41"]
[TimeControl "4500+10"]

1. e4 e5 2. Bc4 Nf6 3. Nf3 Nc6 4. O-O Bc5 5. d4 Bxd4 6. Bg5 Bxb2 7. Nbd2
Bxa1 8. Qxa1 d6 9. h3 O-O 10. Nh2 h6 11. Bh4 g5 12. Bg3 Be6 13. Qd1 d5 14.
exd5 Bxd5 15. Bd3 e4 16. Be2 Qe7 17. h4 Nd4 18. Bc4 Bxc4 19. Nxc4 Rad8 20.
Qa1 Ne2+ 21. Kh1 Nh5 22. Be5 f6 23. Bb2 Qc5 24. Ne3 Qxe3 25. Ng4 Nhg3+ 26.
fxg3 Nxg3+ 27. Kh2 Nxf1+ 28. Qxf1 Qf4+ 29. Qxf4 gxf4 30. Nxh6+ Kh7 31. Nf5
e3 32. Kg1 Rd1+ 33. Kh2 e2 34. h5 e1=Q 35. Kh3 Qh1+ 36. Kg4 Qxg2+
{White resigns}
0-1

[Event "ICC tourney 2692 (75 10)"]
[Site "Internet Chess Club"]
[Date "2021.09.26"]
[Round "5"]
[White "SHEEHAN, ETHAN THOMAS:Chessking2008"]
[Black "PARK, EVAN:espark"]
[Result "1/2-1/2"]
[ICCResult "Game drawn by mutual agreement"]
[WhiteElo "2180"]
[BlackElo "2230"]
[Opening "QGD: 3.Nc3"]
[ECO "D31"]
[NIC "QP.08"]
[Time "14:30:32"]
[TimeControl "4500+10"]

1. d4 d5 2. c4 e6 3. Nc3 Bb4 4. cxd5 exd5 5. Nf3 Nf6 6. Qa4+ Nc6 7. Ne5 Bd7
8. Nxd7 Qxd7 9. e3 O-O 10. Bb5 Bd6 11. h3 a6 12. Bxc6 bxc6 13. O-O Qe6 14.
b3 c5 15. dxc5 Bxc5 16. Ba3 Bxa3 17. Qxa3 Rac8 18. Qc5 Qb6 19. Qxb6 cxb6 20.
Rac1 g6 21. Rfd1 Kg7 22. Na4 b5 23. Nc5 Rc6 24. b4 Rfc8 25. Rd3 a5 26. Rdc3
Kh6 27. a3 {Game drawn by mutual agreement} 1/2-1/2

[Event "ICC tourney 2692 (75 10)"]
[Site "Internet Chess Club"]
[Date "2021.09.26"]
[Round "5"]
[White "LENDERMAN, ALEKSANDR:manest"]
[Black "HU, ALEXANDER C:ahu1015"]
[Result "1-0"]
[ICCResult "Black resigns"]
[WhiteElo "2543"]
[BlackElo "1965"]
[Opening "Nimzovich-Larsen attack: modern variation"]
[ECO "A01"]
[NIC "VO.08"]
[Time "14:30:25"]
[TimeControl "4500+10"]

1. b3 e5 2. Bb2 Nc6 3. e3 Nf6 4. Nf3 d6 5. d4 exd4 6. Nxd4 Nxd4 7. Qxd4 Be7
8. Nc3 d5 9. O-O-O Be6 10. e4 dxe4 11. Qe5 Bd6 12. Qb5+ Qd7 13. Qxb7 O-O 14.
Bb5 Qc8 15. Bc6 Qxb7 16. Bxb7 Rae8 17. Bxe4 Nxe4 18. Nxe4 Bf4+ 19. Kb1 Bxb3
20. Nf6+ gxf6 21. axb3 Re6 22. Rd4 Be5 23. Ra4 Ra8 24. Rd1 Rd6 25. Rxd6 cxd6
26. Bxe5 dxe5 27. Ra6 Kg7 28. c4 f5 29. Kc2 e4 30. g3 f6 31. b4 Kg6 32. c5
Kg5 33. Kb3 Kg4 34. Rxf6 Rd8 35. c6 Rd1 36. Kc4 Rf1 37. Kb5 Rxf2 38. c7 e3
39. c8=Q e2 40. Re6 e1=Q 41. Rxe1 {Black resigns} 1-0

[Event "ICC tourney 2692 (75 10)"]
[Site "Internet Chess Club"]
[Date "2021.09.26"]
[Round "5"]
[White "CHEN, DANNI:dadaapple"]
[Black "HEBBAR, ESHAAN:solveur"]
[Result "1/2-1/2"]
[ICCResult "Game drawn by mutual agreement"]
[WhiteElo "2029"]
[BlackElo "1986"]
[Opening "QGD Slav: Dutch variation"]
[ECO "D18"]
[NIC "SL.05"]
[Time "14:30:25"]
[TimeControl "4500+10"]

1. d4 d5 2. c4 c6 3. Nc3 Nf6 4. Nf3 dxc4 5. a4 Bf5 6. e3 e6 7. Bxc4 Bb4 8.
O-O Nbd7 9. Na2 Be7 10. b4 O-O 11. Nh4 Be4 12. Nf3 Bd5 13. Bd3 Bxa2 14. Rxa2
Bxb4 15. e4 Be7 16. Rb2 Qc7 17. e5 Nd5 18. Bd2 c5 19. Qb1 g6 20. Rxb7 Qc6
21. Qb5 Qxb5 22. Bxb5 Nb8 23. Rc1 a6 24. Bc4 Nc6 25. Bxd5 exd5 26. dxc5 Rab8
27. Rb6 Rfc8 28. Rxa6 Rb2 29. h3 Nxe5 30. Bc3 Nxf3+ 31. gxf3 Ra2 32. Bd4 Rd2
33. Be3 Rd3 34. Kf1 Ra3 35. Rd1 Rc3 36. Rxd5 Bxc5 37. Bxc5 R8xc5 38. Rxc5
Rxc5 39. a5 Kf8 40. Ra7 Rc3 41. Kg2 Ra3 42. a6 h5 43. Kg3 g5 44. Ra8+ Kg7
45. a7 f5 46. Kg2 h4 47. Kf1 Ra2 48. Ke1 Kh7 49. Rf8 Rxa7 50. Rxf5 Kg6 51.
Rd5 Ra2 52. Kf1 Ra1+ 53. Kg2 Ra4 54. Rb5 Rf4 55. Re5 Kf6 56. Rb5 Kg6
{Game drawn by mutual agreement}
1/2-1/2

[Event "ICC tourney 2692 (75 10)"]
[Site "Internet Chess Club"]
[Date "2021.09.26"]
[Round "5"]
[White "IVANOV, ALEXANDER:marble"]
[Black "Belous, Vladimir:Openyagami"]
[Result "1/2-1/2"]
[ICCResult "Game drawn by repetition"]
[WhiteElo "2422"]
[BlackElo "2614"]
[Opening "Sicilian: Nimzovich-Rossolimo attack (with ...g6, without ...d6)"]
[ECO "B31"]
[NIC "SI.31"]
[Time "14:30:30"]
[TimeControl "4500+10"]

1. e4 c5 2. Nf3 Nc6 3. Bb5 g6 4. O-O Bg7 5. c3 Nf6 6. Re1 O-O 7. d4 d5 8. e5
Ne4 9. Bxc6 bxc6 10. Be3 Rb8 11. Qc1 Qb6 12. b3 Qa5 13. Nfd2 Nxd2 14. Nxd2
cxd4 15. cxd4 Bf5 16. Nf3 Bg4 17. Nh4 f6 18. Bh6 g5 19. Bxg7 Kxg7 20. h3 Bc8
21. Nf3 Bf5 22. exf6+ exf6 23. Nxg5 fxg5 24. Qxg5+ Bg6 25. Re7+ Kg8 26. Qe5
Bf7 27. Qg3+ Bg6 28. Qe5 Bf7 29. Qg3+ Bg6 30. Qe5 Bf7 {Game drawn by
repetition} 1/2-1/2

[Event "ICC tourney 2692 (75 10)"]
[Site "Internet Chess Club"]
[Date "2021.09.26"]
[Round "5"]
[White "LIANG, JASON:Jupiter435"]
[Black "HEBDEN, MARK L:mhebden"]
[Result "1-0"]
[ICCResult "Black resigns"]
[WhiteElo "2316"]
[BlackElo "2503"]
[Opening "Two knights defense (Modern bishop's opening)"]
[ECO "C55"]
[NIC "IG.01"]
[Time "14:30:27"]
[TimeControl "4500+10"]

1. e4 e5 2. Nf3 Nc6 3. Bc4 Nf6 4. d3 Be7 5. O-O O-O 6. Nc3 d6 7. a3 Be6 8.
Nd5 a5 9. Re1 Re8 10. Bd2 a4 11. h3 h6 12. Ba2 Bf8 13. c3 Bxd5 14. exd5 Ne7
15. c4 Ng6 16. Bb1 Qd7 17. d4 e4 18. Nh2 b5 19. Ng4 Nh7 20. Bxe4 f5 21. Bc2
Rxe1+ 22. Qxe1 Nh4 23. Nh2 Re8 24. Qf1 Nf6 25. Re1 Ne4 26. Bc1 Qf7 27. Nf3
Be7 28. cxb5 Qxd5 29. Bxa4 Rf8 30. Bd1 Bf6 31. Qd3 Nc5 32. Qc2 Nxf3+ 33.
Bxf3 Qxd4 34. b4 Ne4 35. Be3 Qc3 36. Qxc3 Nxc3 37. Bc6 d5 38. Bd2 Rd8 39.
Bf4 Rc8 40. Bd7 Rf8 41. Bxc7 d4 42. b6 d3 43. b7 d2 44. Rf1 Ne2+ 45. Kh1 Bd4
46. b8=Q Rxb8 47. Bxb8 Bxf2 48. Be6+ Kh8 49. Bb3 {Black resigns} 1-0

[Event "ICC tourney 2692 (75 10)"]
[Site "Internet Chess Club"]
[Date "2021.09.26"]
[Round "5"]
[White "TURCOTTE,JONATHAN:JonnyTurgi"]
[Black "MYSORE, ABHINAV NAVEEN:Mapking1"]
[Result "0-1"]
[ICCResult "White resigns"]
[WhiteElo "2062"]
[BlackElo "2012"]
[Opening "Grünfeld: Grünfeld gambit, Botvinnik variation"]
[ECO "D83"]
[NIC "GI.03"]
[Time "14:30:24"]
[TimeControl "4500+10"]

1. d4 Nf6 2. c4 g6 3. Nc3 d5 4. Bf4 Bg7 5. e3 O-O 6. Rc1 c5 7. dxc5 Be6 8.
Nf3 Qa5 9. Nd4 Ne4 10. Nxe6 Nxc3 11. Qd2 fxe6 12. bxc3 Qxc5 13. cxd5 exd5
14. Be2 Nc6 15. O-O e5 16. Bg3 Rad8 17. Rfd1 Ne7 18. Qb2 Nf5 19. Bf3 e4 20.
Be2 b6 21. Rc2 Nxg3 22. hxg3 Bh6 23. Bg4 Rd6 24. Qb3 Kh8 25. Qb4 Bg7 26. a3
h5 27. Be2 Rc8 28. Qxc5 Rxc5 29. c4 b5 {White resigns} 0-1

[Event "ICC tourney 2692 (75 10)"]
[Site "Internet Chess Club"]
[Date "2021.09.26"]
[Round "5"]
[White "JORAJURIA MENDOZA, ALGOL:AJM04"]
[Black "Gaw, Chloe:HarleyQueen8"]
[Result "1-0"]
[ICCResult "Black checkmated"]
[WhiteElo "2050"]
[BlackElo "1922"]
[Opening "Sicilian: closed, 2...Nc6"]
[ECO "B23"]
[NIC "SI.44"]
[Time "14:30:24"]
[TimeControl "4500+10"]

1. e4 c5 2. Nc3 Nc6 3. Bb5 Nd4 4. Nf3 Nxb5 5. Nxb5 g6 6. d4 Bg7 7. O-O a6 8.
Nc3 cxd4 9. Nxd4 d6 10. a4 Nf6 11. f3 O-O 12. Be3 Qc7 13. a5 Bd7 14. Qd2
Rac8 15. Rfd1 Bc6 16. Kh1 d5 17. Nxc6 bxc6 18. Bb6 Qb8 19. Qd3 Qb7 20. Ra3
e6 21. Rb3 Nd7 22. Na4 Qa8 23. Qe2 Rb8 24. f4 Rfc8 25. c4 d4 26. c5 e5 27.
f5 Nf6 28. g4 g5 29. Rg3 Kf8 30. b3 Ke7 31. Nb2 Ne8 32. Nc4 h6 33. Kg2 Bf6
34. Rh3 Bg7 35. f6+ Nxf6 36. Nxe5 Qb7 37. Rxd4 Ng8 38. Rd7+ Qxd7 39. Nxd7
Kxd7 40. Qd3+ Ke7 41. Qd6+ Ke8 42. Bc7 Rb5 43. Qxc6+ Ke7 44. Bd6+ Kd8 45.
Qxa6 Rb4 46. Rd3 Rd4 47. Rxd4 Bxd4 48. Qd3 Bf6 49. Be5+ Ke8 50. Bxf6 Nxf6
51. Qd6 Ng8 52. c6 Ne7 53. Qd7+ Kf8 54. c7 f6 55. a6 Kf7 56. a7 Ra8 57. c8=Q
Rxc8 58. Qxc8 Nxc8 59. a8=Q Ne7 60. Qd8 Ng6 61. b4 Nf4+ 62. Kf3 Kg6 63. Qg8#
{Black checkmated}
1-0

[Event "ICC tourney 2692 (75 10)"]
[Site "Internet Chess Club"]
[Date "2021.09.26"]
[Round "5"]
[White "HO, COOPER:arsenicblast"]
[Black "SHAWKAT, SAIF:saif-shawkat"]
[Result "1-0"]
[ICCResult "Black resigns"]
[WhiteElo "2045"]
[BlackElo "1953"]
[Opening "Sicilian: Richter-Rauzer, Rauzer attack, 7...a6 defense, 9...Be7"]
[ECO "B68"]
[NIC "SI.30"]
[Time "14:31:04"]
[TimeControl "4500+10"]

1. e4 c5 2. Nf3 d6 3. d4 cxd4 4. Nxd4 Nf6 5. Nc3 Nc6 6. Bg5 e6 7. Qd2 a6 8.
O-O-O Bd7 9. f4 Be7 10. Qe1 b5 11. Nxc6 Bxc6 12. e5 b4 13. exf6 gxf6 14.
Bxf6 Bxf6 15. Ne4 Bxe4 16. Qxe4 a5 17. Bb5+ Kf8 18. f5 d5 19. Qf3 Ra7 20.
fxe6 fxe6 21. Rhe1 Rf7 22. Qh3 Qb8 23. Qh6+ Kg8 24. Rxd5 Qf8 25. Qxf8+ Kxf8
26. Rxe6 Kg7 27. Ra6 Rd8 28. Bc4 Rxd5 29. Bxd5 Bg5+ 30. Kd1 Rf2 31. Ra7+ Kh6
32. Be4 Bf6 33. h4 Bxh4 34. Rxh7+ Kg5 35. Bf3 Rf1+ 36. Kd2 Be1+ 37. Ke2 Rg1
38. Rh5+ Kf4 39. Rxa5 Bg3 40. Rb5 Re1+ 41. Kd2 Bf2 42. Rxb4+ Kg3 43. Rg4+
Kh2 44. c3 Ra1 45. a4 Bb6 46. Kd3 Ra2 47. Kc2 Ba5 48. Kb1 {Black resigns}
1-0

[Event "ICC tourney 2692 (75 10)"]
[Site "Internet Chess Club"]
[Date "2021.09.26"]
[Round "5"]
[White "YERRA, SAI SNEHA:saisneha"]
[Black "Vittal, Sanjana:MCTS13"]
[Result "1-0"]
[ICCResult "Black resigns"]
[WhiteElo "1920"]
[BlackElo "2056"]
[Opening "QGD: Ragozin variation"]
[ECO "D38"]
[NIC "NI.27"]
[Time "14:30:33"]
[TimeControl "4500+10"]

1. d4 d5 2. c4 e6 3. Nc3 Bb4 4. Nf3 Nf6 5. Bg5 h6 6. Bh4 g5 7. Bg3 Ne4 8.
Qc2 Nc6 9. e3 h5 10. h3 Nxg3 11. fxg3 Bd6 12. Qf2 h4 13. gxh4 gxh4 14. O-O-O
Bg3 15. Qd2 a6 16. Be2 dxc4 17. Bxc4 b5 18. Be2 Nb4 19. Kb1 Bb7 20. Rhf1 f6
21. e4 Qe7 22. Qe3 O-O-O 23. a3 Nc6 24. d5 Na5 25. dxe6 Kb8 26. Nd4 Be5 27.
b4 Nc4 28. Bxc4 bxc4 29. Nd5 Rxd5 30. exd5 Bxd5 31. Qe2 Rg8 32. Rf2 Qh7+ 33.
Kc1 Rg3 34. Qc2 Qh6+ 35. Kb1 Re3 36. e7 Qh8 37. Nc6+ Kb7 38. Rxd5 Re1+ 39.
Rd1 Rxd1+ 40. Qxd1 Kxc6 41. Qd8 Qh7+ 42. Ka2 Qe4 43. Qa8+ Kb5 44. Qxe4
{Black resigns}
1-0

[Event "ICC tourney 2692 (75 10)"]
[Site "Internet Chess Club"]
[Date "2021.09.26"]
[Round "6"]
[White "HEBBAR, ESHAAN:solveur"]
[Black "Gaw, Chloe:HarleyQueen8"]
[Result "0-1"]
[ICCResult "White resigns"]
[WhiteElo "1986"]
[BlackElo "1922"]
[Opening "Queen's gambit accepted"]
[ECO "D20"]
[NIC "QG.03"]
[Time "18:00:33"]
[TimeControl "4500+10"]

1. d4 d5 2. c4 dxc4 3. Nc3 Nf6 4. e4 e5 5. d5 b5 6. Nxb5 Nxe4 7. Bxc4 Bc5 8.
Be3 Bxe3 9. fxe3 Qh4+ 10. g3 Nxg3 11. Nxc7+ Kd8 12. hxg3 Qxh1 13. Nxa8 Qxg1+
14. Kd2 Qxd1+ 15. Rxd1 Bb7 16. Rf1 f6 17. g4 h6 18. e4 Bxa8 19. Ke3 Ke7 20.
Kf3 Rc8 21. b3 Bb7 22. Rd1 Kd6 23. Bd3 Ba6 24. Bb1 Rc3+ 25. Kf2 Nd7 26. Re1
Nc5 27. Kg2 Nd3 28. Rd1 Rc1 29. Rxd3 Bxd3 30. Bxd3 Ra1 31. a4 Ra3 32. Bc4
Ra2+ 33. Kg3 g6 34. Kh3 Rf2 35. Kg3 Rf4 36. Bd3 a5 37. b4 axb4 38. a5 f5 39.
gxf5 gxf5 40. exf5 Kxd5 41. a6 Kc6 42. Bc2 Kb6 43. Bd3 b3 44. Kg2 e4 45. Bb1
Rxf5 46. Bxe4 Rf4 47. Bb1 Kxa6 48. Kg1 Kb5 49. Bd3+ Kb4 50. Kg2 Kc3 51. Bh7
b2 52. Bb1 Kd2 53. Kg3 Rf1 54. Bg6 b1=Q 55. Bxb1 Rxb1 56. Kh4 Rg1 57. Kh5
Ke3 58. Kxh6 Kf4 59. Kh7 Kf5 60. Kh6 Rg5 61. Kh7 Kf6 62. Kh6 Kf5 63. Kh7 Rg6
64. Kh8 Kf6 65. Kh7 Kf7 {White resigns} 0-1

[Event "ICC tourney 2692 (75 10)"]
[Site "Internet Chess Club"]
[Date "2021.09.26"]
[Round "6"]
[White "HO, CARTER:corviknight"]
[Black "JORAJURIA MENDOZA, ALGOL:AJM04"]
[Result "1-0"]
[ICCResult "Black resigns"]
[WhiteElo "1903"]
[BlackElo "2050"]
[Opening "Sicilian: Pelikan, Chelyabinsk variation"]
[ECO "B33"]
[NIC "SI.37"]
[Time "18:00:46"]
[TimeControl "4500+10"]

1. e4 c5 2. Nf3 Nc6 3. d4 cxd4 4. Nxd4 Nf6 5. Nc3 e5 6. Ndb5 d6 7. Bg5 a6 8.
Na3 b5 9. Nd5 Be7 10. Bxf6 Bxf6 11. c3 O-O 12. Nc2 Rb8 13. h4 g6 14. g3 Be6
15. Nce3 Bg7 16. h5 Qg5 17. Nc7 Rbd8 18. Be2 Bc8 19. a4 Ne7 20. axb5 axb5
21. Bxb5 f5 22. hxg6 Qxg6 23. Ncd5 Nxd5 24. Nxd5 Kh8 25. Ne7 Qf7 26. Qh5
Qxh5 27. Rxh5 fxe4 28. Ng6+ Kg8 29. Bc4+ d5 30. Bxd5+ {Black resigns} 1-0

[Event "ICC tourney 2692 (75 10)"]
[Site "Internet Chess Club"]
[Date "2021.09.26"]
[Round "6"]
[White "Belous, Vladimir:Openyagami"]
[Black "LENDERMAN, ALEKSANDR:manest"]
[Result "1-0"]
[ICCResult "Black resigns"]
[WhiteElo "2614"]
[BlackElo "2543"]
[Opening "Réti opening"]
[ECO "A30"]
[NIC "QP.10"]
[Time "18:00:45"]
[TimeControl "4500+10"]

1. Nf3 c5 2. c4 Nc6 3. g3 g6 4. Bg2 Bg7 5. O-O d6 6. Nc3 Rb8 7. e3 Nf6 8. d4
O-O 9. d5 Na5 10. Nd2 a6 11. a4 e6 12. e4 Re8 13. h3 exd5 14. cxd5 b5 15.
axb5 axb5 16. Re1 Nd7 17. Nf3 b4 18. Na4 Ne5 19. Nxe5 Bxe5 20. f4 Bd4+ 21.
Kh2 Ba6 22. Be3 Bxe3 23. Rxe3 Nc4 24. Re1 Bb5 25. Qc1 Qf6 26. b3 Na3 27. Nb2
Qc3 28. Qxc3 bxc3 29. Rxa3 cxb2 30. Ra2 Bc4 31. Rxb2 Bxd5 32. Rd2 Bxb3 33.
Rxd6 c4 34. e5 c3 35. Rc1 Rec8 36. Be4 Rb4 37. Bd3 Be6 38. Kg2 Rb2+ 39. Kf3
Bxh3 40. g4 Rd2 41. Ba6 Rc5 42. Kg3 Bg2 43. Rxd2 cxd2 44. Rd1 Bd5 45. Rxd2
Rc3+ 46. Kh4 Be6 47. Kg5 Rc6 48. Be2 Rb6 49. Rd4 Kf8 50. f5 h6+ 51. Kf4 Bc8
52. Rd8+ {Black resigns} 1-0

[Event "ICC tourney 2692 (75 10)"]
[Site "Internet Chess Club"]
[Date "2021.09.26"]
[Round "6"]
[White "PARK, EVAN:espark"]
[Black "HU, ALEXANDER C:ahu1015"]
[Result "1-0"]
[ICCResult "Black resigns"]
[WhiteElo "2230"]
[BlackElo "1965"]
[Opening "Sicilian: dragon, Yugoslav attack"]
[ECO "B75"]
[NIC "SI.17"]
[Time "18:01:10"]
[TimeControl "4500+10"]

1. e4 c5 2. Nf3 d6 3. d4 cxd4 4. Nxd4 Nf6 5. Nc3 g6 6. Be3 Bg7 7. f3 a6 8.
Qd2 h5 9. Be2 Nbd7 10. O-O Qc7 11. Nd5 Nxd5 12. exd5 O-O 13. c4 Nf6 14. Rac1
Bd7 15. Rfd1 Rac8 16. b3 Kh7 17. Bf1 Rfe8 18. a4 b6 19. h3 Qb7 20. Qb4 Bh6
21. Bxh6 Kxh6 22. g4 hxg4 23. hxg4 Kg7 24. Rc2 Rh8 25. Qc3 Kg8 26. Qe3 Re8
27. Rdd2 e5 28. dxe6 Bxe6 29. Rh2 Rxh2 30. Rxh2 Kf8 31. Qf4 Ke7 32. Nxe6
fxe6 33. Rh6 e5 34. Qe3 Qc6 35. Rxg6 Qc5 36. Qxc5 bxc5 37. Rg7+ Kf8 38. Ra7
Rb8 39. g5 Ne8 40. Bd3 Rxb3 41. Be4 Ng7 42. Rxa6 Rb4 43. Ra8+ Ke7 44. Ra7+
Kf8 45. Bd5 Nh5 46. g6 Rb1+ 47. Kf2 Rb2+ 48. Ke1 Rb1+ 49. Kd2 Rb2+ 50. Kd1
Rb1+ 51. Kc2 Rg1 52. Rf7+ Ke8 53. Bc6+ Kd8 54. a5 Ra1 55. g7 Nxg7 56. Rxg7
{Black resigns}
1-0

[Event "ICC tourney 2692 (75 10)"]
[Site "Internet Chess Club"]
[Date "2021.09.26"]
[Round "6"]
[White "YERRA, SAI SNEHA:saisneha"]
[Black "MYSORE, ABHINAV NAVEEN:Mapking1"]
[Result "1/2-1/2"]
[ICCResult "Game drawn because neither player has mating material"]
[WhiteElo "1920"]
[BlackElo "2012"]
[Opening "Grünfeld: exchange variation"]
[ECO "D85"]
[NIC "GI.04"]
[Time "18:00:33"]
[TimeControl "4500+10"]

1. d4 Nf6 2. c4 g6 3. Nc3 d5 4. cxd5 Nxd5 5. e4 Nxc3 6. bxc3 Bg7 7. Be3 O-O
8. Nf3 c5 9. Be2 Nc6 10. O-O cxd4 11. cxd4 Bg4 12. d5 Ne5 13. Nxe5 Bxe2 14.
Qxe2 Bxe5 15. Rab1 Qd7 16. f4 Bg7 17. Rfc1 e6 18. Qb5 Rfd8 19. Qxb7 exd5 20.
Rc7 Qe6 21. Re7 Rab8 22. Rxe6 Rxb7 23. Rxb7 fxe6 24. e5 g5 25. g3 gxf4 26.
gxf4 d4 27. Bd2 Rc8 28. Rb2 d3 29. Kf2 Rc2 30. Rxc2 dxc2 31. Ke2 Kf7 32. Kd3
Kg6 33. Kxc2 Kf5 34. Be3 a6 35. Kb3 Bh6 36. Ka4 Bxf4 37. Bxf4 Kxf4 38. Ka5
Kxe5 39. Kxa6 Kf5 40. Kb6 e5 41. a4 e4 42. a5 e3 43. a6 e2 44. a7 e1=Q 45.
a8=Q Qb1+ 46. Kc7 Qc2+ 47. Kd7 Qxh2 48. Qf8+ Ke4 49. Qe7+ Kf3 50. Qf7+ Kg2
51. Qg7+ Kh1 52. Qa1+ Qg1 53. Qxg1+ Kxg1 54. Ke6 h5 55. Kf5 h4 56. Kg4 h3
57. Kxh3 {Game drawn because neither player has mating material} 1/2-1/2

[Event "ICC tourney 2692 (75 10)"]
[Site "Internet Chess Club"]
[Date "2021.09.26"]
[Round "6"]
[White "NGUYEN, TIEN:ngthanhthuytien"]
[Black "SHEEHAN, ETHAN THOMAS:Chessking2008"]
[Result "0-1"]
[ICCResult "White resigns"]
[WhiteElo "2100"]
[BlackElo "2180"]
[Opening "Réti opening"]
[ECO "A06"]
[NIC "QP.09"]
[Time "18:00:30"]
[TimeControl "4500+10"]

1. Nf3 d5 2. e3 g6 3. c4 c6 4. Nc3 Bg7 5. cxd5 cxd5 6. Qb3 Nf6 7. Bb5+ Nc6
8. Ne5 Qd6 9. d4 O-O 10. f4 Bf5 11. O-O a6 12. Be2 b5 13. g4 Be6 14. Bf3
Rad8 15. Qd1 Ne4 16. Bxe4 dxe4 17. Nxe4 Qc7 18. Bd2 Nxe5 19. fxe5 Bd5 20.
Rc1 Qb6 21. Nc5 Ba8 22. Kf2 f5 23. g5 f4 24. Qg4 Rf5 25. Ke2 fxe3 26. Bxe3
Rxf1 27. Rxf1 Bd5 28. b3 Qa5 29. Ne6 Rc8 30. Nc5 Qxa2+ 31. Bd2 Rc7 32. e6
Bxb3 33. Qf4 Bc4+ 34. Ke3 Qa3+ 35. Ke4 Rc8 36. Qf7+ Kh8 37. Rf3 Qb2 38. Bc3
Qc2+ 39. Kf4 Bd5 40. Kg3 Bxf3 41. Qxf3 Qc1 42. h4 Rf8 43. Qd3 Qg1+ 44. Kh3
Rf2 45. Qg3 Qh1+ 46. Kg4 Qd1+ 47. Kh3 Rf3 {White resigns} 0-1